Map: Catalyst LE

Players

janier - Winner!

  • Race: Protoss Protoss
  • League: Diamond
  • Spawn Location: 11:00

A.I. 2 (Very Easy)

  • Race: Zerg Zerg
  • Spawn Location: 5:00

VOD

Have the link to the VOD?

Description

Time

  • Played on: July 7, 2018, 1:45 p.m.
  • Length: 9:42
Show
View Real Time Build Order
Export as new Build Order

janier Protoss - Winner!

Build Orders: 1 Gate Expand, Oracle Opening, Phoenix Opening, Zealot Archon 

Get SALT Encoding   

  12  0:01  Probe  
  13  0:14  Probe  
  14  0:20  Pylon  
  14  0:26  Probe  
  15  0:36  Probe  
  15  0:42  Gateway  
  16  0:44  Probe  
  17  0:52  Probe  
  18  1:04  Probe  
  18  1:06  Assimilator  
  19  1:32  Nexus  
  19  1:37  Cybernetics Core  
  19  1:42  Probe  
  19  1:45  Assimilator  
  20  1:54  Probe  
  20  1:57  Pylon  
  21  2:06  Adept, Probe  
  24  2:18  Probe  
  25  2:26  Stargate, Warp Gate  
  25  2:30  Probe  
  26  2:42  Probe  
  27  2:45  Probe  
  28  2:52  Stalker  
  28  2:55  Probe  
  28  2:57  Probe  
  32  3:04  Oracle  
  32  3:07  Probe  
  36  3:16  Probe  
  36  3:19  Probe  
  38  3:20  Assimilator  
  38  3:28  Probe  
  38  3:31  Probe  
  40  3:39  Gateway  
  40  3:41  Probe  
  41  3:43  Probe  
  41  3:47  Phoenix  
  44  3:53  Pylon, Probe  
  44  3:55  Probe  
  46  3:58  Robotics Facility  
  46  4:11  Probe x2  
  48  4:23  Probe x2  
  50  4:31  Assimilator  
  50  4:35  Gateway, Probe x2  
  50  4:36  Twilight Council  
  50  4:37  Gateway  
  52  4:47  Probe x2  
  54  5:07  Pylon, Nexus  
  54  5:09  Pylon  
  54  5:10  Pylon  
  54  5:17  Warp Prism  
  54  5:25  Pylon, Probe x2  
  58  5:33  Templar Archives  
  58  5:37  Probe x2  
  58  5:41  Gateway  
  60  5:43  Forge  
  60  5:45  Forge  
  60  5:48  Zealot  
  60  5:49  Probe x2  
  64  5:51  Immortal  
  68  6:02  Probe x2  
  68  6:03  Protoss Ground Armor Level 1, Protoss Ground Weapons Level 1  
  70  6:04  Zealot  
  70  6:07  Adept x2  
  70  6:10  Shield Battery  
  76  6:14  Probe x2  
  78  6:21  Probe  
  79  6:26  Probe x2  
  79  6:29  High Templar x3  
  79  6:30  High Templar  
  89  6:33  Archon  
  89  6:35  Archon  
  89  6:37  Probe  
  89  6:38  Probe  
  91  6:40  Probe, Immortal  
  96  6:50  Psionic Storm  
  96  6:52  Probe  
  97  6:55  Robotics Facility  
  97  6:56  Assimilator  
  97  6:57  Probe x2  
  99  7:01  Assimilator  
  99  7:08  Pylon  
  99  7:10  Pylon  
  99  7:12  Pylon  
  99  7:18  Immortal  
  99  7:26  Pylon  
  99  7:27  Probe  
  104  7:30  High Templar x2  
  104  7:32  Zealot x3  
  104  7:34  Immortal  
  114  7:37  Pylon  
  114  7:38  Pylon  
  118  7:54  Zealot x2  
  118  7:56  Immortal  
  118  7:57  Charge  
  118  7:58  Zealot  
  128  8:07  Probe  
  128  8:11  Probe  
  130  8:13  Probe  
  130  8:15  Pylon  
  130  8:16  Immortal  
  135  8:21  Zealot x3  
  135  8:22  Zealot x2  
  135  8:24  Probe  
  135  8:26  Probe  
  147  8:28  Photon Cannon, Probe  
  148  8:36  Probe  
  148  8:39  Probe  
  151  8:44  Probe, Nexus  
  151  8:46  Pylon x2  
  152  8:48  Pylon  
  152  8:50  Probe  
  153  8:57  Observer  
  153  8:59  High Templar x2  
  157  9:23  Zealot x3  
  165  9:38  Zealot  
Show
View Real Time Build Order
Export as new Build Order

A.I. 2 (Very Easy) Zerg 

Build Orders: Pool First 

Get SALT Encoding   

  12  0:01  Drone  
  13  0:12  Overlord  
  13  0:17  Drone  
  14  0:35  Spawning Pool  
  13  0:37  Drone  
  13  0:41  Extractor  
  13  0:45  Drone  
  14  0:51  Overlord  
  14  1:22  Queen, Zergling x2  
  17  1:33  Roach Warren  
  17  1:36  Drone  
  17  1:39  Extractor  
  16  1:42  Zergling x2  
  16  1:44  Drone  
  18  1:57  Drone  
  19  2:02  Zergling x2  
  19  2:08  Drone  
  21  2:19  Drone  
  22  2:29  Drone  
  23  2:30  Overlord  
  23  2:36  Drone  
  24  2:44  Drone  
  25  4:14  Drone  
  24  4:22  Drone  
  23  4:29  Drone  
  24  4:36  Drone  
  25  5:58  Roach, Drone  
  25  5:59  Lair, Overlord  
  28  6:05  Drone  
  29  6:13  Drone  
  30  6:20  Drone  
  31  6:28  Drone  
  30  6:35  Drone  
  30  6:39  Roach  
  30  6:56  Queen  
  30  6:57  Overseer x2  
  30  7:00  Drone  
  29  7:07  Drone  
  23  7:08  Zergling x2  
  23  7:15  Drone  
  13  7:22  Drone  
  14  7:29  Drone  
  15  7:36  Drone  
  16  7:37  Roach  
  16  7:44  Drone  
  19  7:47  Hatchery  
  19  7:51  Drone  
  19  7:58  Drone  
  21  8:05  Drone  
  21  8:06  Zergling x2  
  23  8:12  Drone  
  24  8:20  Drone  
  25  8:27  Drone  
  26  8:34  Drone  
  26  8:42  Drone  
  26  8:47  Roach  
  29  8:49  Drone  
  30  8:56  Drone  
  31  9:03  Drone  
  32  9:11  Drone  
  32  9:16  Zergling x2  
  28  9:18  Drone  
  28  9:27  Overseer, Drone  
Tags
 
Add a new tag
Caveats
  • Supply blocks, unpowered buildings, or Contaminate may cause inaccurate times.
  • Supply counts are checked every 10 seconds.